 Dungeon Crawl Stone Soup version 0.23-a0-558-g30802b1 (webtiles) character file.

8201 jerryfan the Fighter (level 11, 0/71 HPs)
             Began as a Gargoyle Fighter on Dec 10, 2018.
             Was a High Priest of Okawaru.
             Slain by an orc knight
             ... wielding a +0 halberd
              (13 damage)
             ... on level 10 of the Dungeon on Dec 11, 2018.
             The game lasted 00:37:53 (10175 turns).

jerryfan the Fighter (Gargoyle Fighter)            Turns: 10175, Time: 00:37:54

Health: 0/71       AC: 24    Str: 23    XL:     11   Next: 27%
Magic:  17/17      EV: 14    Int:  7    God:    Okawaru [*****.]
Gold:   569        SH: 11    Dex:  9    Spells: 2/10 levels left

rFire    x . .     SeeInvis .   K - +2 mace (protect)
rCold    + . .     Gourm    .   c - +0 shield
rNeg     + + +     Faith    .   A - +1 ring mail {rC+}
rPois    ∞         Spirit   .   (helmet restricted)
rElec    +         Reflect  .   v - +0 cloak
rCorr    .         Harm     .   (no gloves)
MR       +....                  (no boots)
Stlth    +.........             (no amulet)
HPRegen  0.21/turn              j - +5 ring of evasion
MPRegen  0.15/turn              y - ring of Eckunn {rF- rN+++ MR+ Stlth+}

@: protection aura
A: horns 1, dopey 1, negative energy resistance 1, electricity resistance,
unbreathing, petrification resistance, rot immunity, AC +8
a: Heroism, Finesse, Renounce Religion


You were on level 10 of the Dungeon.
You worshipped Okawaru.
Okawaru was extremely pleased with you.
You were not hungry.

You visited 1 branch of the dungeon, and saw 10 of its levels.
You also visited: Sewer.

You collected 569 gold pieces.

Inventory:

Hand Weapons
 a - a +0 flail
 h - a +4 quarterstaff of chaos
 I - a +4 whip
 K - a +2 mace of protection (weapon)
Missiles
 g - 2 exploding tomahawks (quivered)
 E - 4 poisoned tomahawks
Armour
 b - a +0 scale mail
 c - a +0 shield (worn)
 v - a +0 cloak (worn)
 A - a +1 ring mail of cold resistance (worn)
Jewellery
 j - a +5 ring of evasion (left hand)
 q - an uncursed ring of stealth
 y - the ring of Eckunn (right hand) {rF- rN+++ MR+ Stlth+}
   (You found it on level 6 of the Dungeon)

   [ring of stealth]

   It makes you vulnerable to fire.
   It renders you almost immune to negative energy.
   It affects your resistance to hostile enchantments.
   It makes you more stealthy.
 B - an uncursed ring of protection from cold
 C - a +4 ring of strength
Wands
 D - a wand of iceblast (17)
Scrolls
 e - 5 scrolls of remove curse {unknown}
 i - 3 scrolls of identify
 l - 3 scrolls of amnesia
 m - a scroll of teleportation
 n - a scroll of magic mapping
 p - 2 scrolls of fog {unknown}
 t - 2 scrolls of enchant armour {unknown}
 u - 2 scrolls of blinking {unknown}
Potions
 d - 2 potions of invisibility
 k - 6 potions of curing
 o - 3 potions of haste
 r - a potion of cancellation {unknown}
 s - a potion of degeneration {unknown}
 z - 3 potions of flight
 F - a potion of brilliance
Miscellaneous
 J - a crystal ball of energy
Comestibles
 f - 28 rations
 H - 5 chunks of flesh


   Skills:
 * Level 9.1 Fighting
 * Level 8.0 Maces & Flails
 * Level 9.0 Armour
 * Level 9.1 Shields
 + Level 1.4 Hexes
 * Level 8.1 Invocations


You had 2 spell levels left.
You knew the following spells:

 Your Spells              Type           Power        Failure   Level  Hunger
a - Discord               Hex            #.........   100%        8    #######

Your spell library contained the following spells:

 Spells                   Type           Power        Failure   Level  Hunger
 Confusing Touch          Hex            #.....       63%         1    ##.....
 Corona                   Hex            #......      63%         1    ##.....
 Slow                     Hex            #.......     77%         2    ###....
 Animate Skeleton         Necr           N/A          82%         1    ##.....
 Apportation              Tloc           #.....       82%         1    ##.....
 Magic Dart               Conj           #...         82%         1    ##.....
 Sting                    Conj/Pois      #...         82%         1    ##.....
 Summon Small Mammal      Summ           #...         82%         1    ##.....
 Ensorcelled Hibernation  Hex/Ice        #.....       86%         2    ###....
 Blink                    Tloc           N/A          91%         2    ###....
 Call Imp                 Summ           #.......     91%         2    ###....
 Poisonous Vapours        Pois/Air       #.....       91%         2    ###....
 Confuse                  Hex            #.......     94%         3    ####...
 Tukima's Dance           Hex            #.......     94%         3    ####...
 Dazzling Spray           Conj/Hex       #.....       97%         3    ####...
 Conjure Flame            Conj/Fire      #.......     99%         3    ####...
 Mephitic Cloud           Conj/Pois/Air  #.......     99%         3    ####...
 Cause Fear               Hex            #.........   100%        4    #####..
 Olgreb's Toxic Radiance  Pois           #.......     100%        4    #####..
 Silence                  Hex/Air        #.........   100%        5    ######.
 Venom Bolt               Conj/Pois      #.........   100%        5    ######.
 Yara's Violent Unravell  Hex/Tmut       #.........   100%        5    ######.
 Deflect Missiles         Chrm/Air       #.........   100%        6    #######


Dungeon Overview and Level Annotations

Branches:
Dungeon (10/15)            Temple (0/1) D:7            Lair (0/6) D:8
    Orc (0/2) D:10

Altars:
Dithmenos
Gozag
Hepliaklqana
Okawaru
Qazlal
Wu Jian
Xom
The Shining One
Beogh

Shops:
D:6 *   D:8 ?

Annotations:
D:2 exclusion: downstairs
D:3 exclusion: downstairs
D:4 exclusion: downstairs
D:6 3 runed doors, exclusion: 3 doors, Loge's ghost, novice OpWz
D:9 exclusion: 3 downstairs
D:10 exclusion: 2 upstairs


Innate Abilities, Weirdness & Mutations

You are resistant to torment.
Your stone body is resilient. (AC +8)
You are immune to poison.
You resist negative energy. (rN+)
You are resistant to electric shocks. (rElec)
You can survive without breathing.
You are immune to petrification.
You are immune to rotting.
You have a pair of small horns on your head.
You are dopey. (Int -2)


Message History

The orc knight is severely wounded.
You block the orc knight's attack.
You closely miss the orc knight.
The orc knight is severely wounded.
The orc knight hits you with a +0 halberd!
You hit the orc knight.
The orc knight is severely wounded.
The orc knight hits you with a +0 halberd!
You sock the orc knight!
The orc knight is almost dead.
The orc knight hits you with a +0 halberd!!
* * * LOW HITPOINT WARNING * * *
You barely miss the orc knight.
The orc knight is almost dead.
You block the orc knight's attack.
Your shield prevents you from hitting the orc knight.
The orc knight is almost dead.
You feel better.
The orc knight hits you with a +0 halberd!
You die...

#....>...' ..#
#........#####..##
#.................
#................#
#####............#
#............#
######........?...#
#.................#
#.@o...............
##.................
#.................
#.................
#......##########.
#......# #.
#......# #.
#......# #.
#......# #.


You could see an orc knight.

Vanquished Creatures
  An unseen horror (D:10)
  Grinder (D:3)
  3 hippogriffs
  2 hornets (D:8)
  A meliai zombie (D:10)
  A wyvern (D:10)
  Eustachio (D:4)
  2 soldier ants (D:8)
  A water moccasin (D:7)
  3 orc warriors
  7 ice beasts
  6 sky beasts
  A black bear (D:9)
  An eye of draining (D:8)
  2 phantoms
  4 ogres
  A necrophage (D:10)
  2 centaurs (D:8)
  A crocodile (D:10)
  3 big kobolds
  7 bullfrogs
  A wyvern skeleton (D:8)
  2 scorpions
  10 killer bees
  A water moccasin skeleton (D:8)
  6 howler monkeys
  8 wights (D:8)
  4 crimson imps
  2 centaur zombies
  A quasit (D:8)
  2 bullfrog zombies
  A hound (D:10)
  2 jellies
  Crazy Yiuf (D:3)
  5 orc priests
  8 orc wizards
  Jessica (D:3)
  2 iguanas (D:8)
  5 worker ants
  A killer bee zombie (D:9)
  2 hound skeletons
  2 worker ant zombies
  4 gnolls
  15 adders
  A river rat (Sewer)
  A shadow imp (D:8)
  An ooze (D:1)
  An adder skeleton (D:6)
  3 worms
  2 dart slugs
  7 leopard geckos
  49 orcs
  7 giant cockroaches
  8 goblins
  8 hobgoblins
  7 jackals
  19 kobolds
  2 quokkas
  11 bats
  9 frilled lizards
  A jackal skeleton (D:9)
  A jackal zombie (D:5)
  13 rats
288 creatures vanquished.

Vanquished Creatures (others)
  An ogre (D:7)
  2 kobolds (D:9)
3 creatures vanquished.

Grand Total: 291 creatures vanquished

Notes
Turn   | Place    | Note
-------+----------+-------------------------------------------
     0 | D:1      | jerryfan the Gargoyle Fighter began the quest for the Orb.
     0 | D:1      | Reached XP level 1. HP: 14/14 MP: 1/1
   197 | D:1      | Reached XP level 2. HP: 19/19 MP: 2/2
   436 | D:1      | Reached XP level 3. HP: 19/23 MP: 3/3
   663 | D:2      | Found an iron altar of Okawaru.
   729 | D:2      | Became a worshipper of Warmaster Okawaru
   776 | D:2      | Reached XP level 4. HP: 21/29 MP: 4/4
  1008 | D:2      | Found a hazy altar of Hepliaklqana.
  1238 | D:2      | Reached skill level 1 in Invocations
  1298 | D:2      | Found an ornate altar of the Wu Jian Council.
  1358 | D:2      | Found a shadowy altar of Dithmenos.
  1386 | D:2      | Found an opulent altar of Gozag.
  1699 | D:2      | Reached XP level 5. HP: 17/33 MP: 5/5
  1864 | D:3      | Noticed Grinder
  2272 | D:3      | Noticed Jessica
  2568 | D:3      | Reached XP level 6. HP: 39/39 MP: 7/7
  2578 | D:3      | Killed Jessica
  2597 | D:3      | Paralysed by Grinder for 2 turns
  2600 | D:3      | Killed Grinder
  2600 | D:3      | Reached * piety under Okawaru
  2600 | D:3      | Reached XP level 7. HP: 42/44 MP: 7/9
  2816 | D:3      | Found a runed door.
  2951 | D:3      | Noticed Crazy Yiuf
  2960 | D:3      | Killed Crazy Yiuf
  3011 | D:4      | Noticed Eustachio
  3115 | D:4      | Gained mutation: You are dopey. (Int -2) [potion of
                  | mutation]
  3115 | D:4      | Gained mutation: You have a pair of small horns on your
                  | head. [potion of mutation]
  3135 | D:4      | Killed Eustachio
  3135 | D:4      | Reached skill level 5 in Fighting
  3135 | D:4      | Reached skill level 5 in Armour
  3135 | D:4      | Reached skill level 5 in Shields
  3502 | D:5      | Entered Level 5 of the Dungeon
  3646 | D:4      | Reached XP level 8. HP: 40/50 MP: 10/10
  3993 | D:5      | Reached ** piety under Okawaru
  4391 | D:6      | Reached skill level 5 in Maces & Flails
  4444 | D:6      | Found a runed gate.
  4445 | D:6      | Found a runed gate.
  4445 | D:6      | Noticed a kobold demonologist
  4445 | D:6      | Noticed Loge's ghost (novice OpWz)
  4446 | D:6      | Found a runed gate.
  4634 | D:6      | Found a glowing drain.
  4639 | Sewer    | Entered a sewer
  4719 | Sewer    | Reached XP level 9. HP: 47/56 MP: 12/12
  4736 | Sewer    | Found a white marble altar of Elyvilon.
  4883 | D:6      | Reached skill level 5 in Invocations
  4898 | D:6      | Reached *** piety under Okawaru
  4912 | D:6      | Found an opulent altar of Gozag.
  4915 | D:6      | Found Gozag's Platinum Reserve.
  5108 | D:6      | Got a vibrating ivory ring
  5201 | D:6      | Identified the ring of Eckunn {rF- rN+++ MR+ Stlth+} (You
                  | found it on level 6 of the Dungeon)
  5372 | D:7      | Upgraded the game from 0.23-a0-554-gd3cbc84 to
                  | 0.23-a0-558-g30802b1
  5699 | D:7      | Found a stormy altar of Qazlal.
  5796 | D:7      | Found a staircase to the Ecumenical Temple.
  5962 | D:7      | Reached **** piety under Okawaru
  6190 | D:8      | Reached XP level 10. HP: 56/63 MP: 14/14
  6366 | D:8      | Found a shimmering altar of Xom.
  6430 | D:8      | Found Xusapeqa's Magic Scroll Shoppe.
  6762 | D:8      | Found an opulent altar of Gozag.
  7215 | D:8      | Found a staircase to the Lair.
  7231 | D:8      | Reached ***** piety under Okawaru
  8117 | D:9      | Learned a level 8 spell: Discord
  8335 | D:9      | Found a glowing golden altar of the Shining One.
  8392 | D:10     | Entered Level 10 of the Dungeon
  9191 | D:9      | Reached XP level 11. HP: 63/69 MP: 16/16
  9313 | D:10     | Noticed an orc knight
  9605 | D:9      | Reached skill level 1 in Hexes
  9783 | D:10     | Received a gift from Okawaru
  9806 | D:10     | Found a roughly hewn altar of Beogh.
  9806 | D:10     | Found a staircase to the Orcish Mines.
  9833 | D:10     | Killed an unseen horror
 10175 | D:10     | Slain by an orc knight

Vault maps used:
D:1:      dpeg_arrival_three_bigger_balls
D:2:      nicolae_overflow_quartered_altars, okawaru_altar_gauntlet_db
D:3:      uniq_grinder, uniq_crazy_yiuf_cottage, uniq_jessica
D:4:      first_ration, uniq_eustachio
D:5:      kennysheep_small_circle
D:6:      gammafunk_ghost_nasty_kobolds, gup_sewer_entry_bowl,
          nicolae_gozag_zags_fifth_avenue
D:7:      grunt_qazlal_clouds, lemuel_temple_firewalk_a
D:8:      marbit_many_paths, lair_entry_dummy, basic_altar, serial_shops, shop,
          hangedman_pestilent_swarm, minmay_circle_x
D:9:      lemuel_doored_altar, st_stairs_13, minmay_unpleasant_kobolds
D:10:     david_orc_5
Sewer:    sewer_kobolds

Skill      XL: |  1  2  3  4  5  6  7  8  9 10 11 |
---------------+----------------------------------+-----
Shields        | 4 5 6 7 8 9 |  9.1
Fighting       | 4 5 6 7 8 9 |  9.1
Armour         | 4 5 6 7 8 9 |  9.0
Invocations    | 1 2 3 4 6 7 8 |  8.1
Maces & Flails | 3 4 5 6 7 8 |  8.0
Hexes          | 1 |  1.4

Action                   |  1- 3 |  4- 6 |  7- 9 | 10-12 || total
-------------------------+-------+-------+-------+-------++-------
Melee: Flail             |   161 |   236 |   462 |   562 ||  1421
       Headbutt          |       |       |    86 |   129 ||   215
       Mace              |       |       |       |   123 ||   123
Throw: Tomahawk          |       |       |       |     6 ||     6
       Throwing net      |       |       |       |     4 ||     4
Evoke: Wand              |       |       |       |     3 ||     3
  Use: Potion            |       |     2 |     8 |     3 ||    13
       Scroll            |       |     1 |     7 |     3 ||    11
 Stab: Invisible         |       |       |     1 |       ||     1
       Sleeping          |       |       |       |     3 ||     3
       Distracted        |       |       |       |     1 ||     1
  Eat: Chunk             |       |     6 |    13 |    14 ||    33
Armor: Scale mail        |    59 |   139 |   122 |       ||   320
       Skin              |       |       |    11 |       ||    11
       Ring mail         |       |       |    48 |   327 ||   375
Dodge: Dodged            |    87 |   155 |   211 |   487 ||   940
Block: Shield            |   102 |   158 |   247 |   509 ||  1016

Table legend:
 A = Non-vault XP
 B = Vault XP
 C = Vault XP percentage of total XP
 D = Non-vault monster count
 E = Vault monster count
 F = Vault count percentage of total count
                 A         B        C        D         E       F
            +---------+---------+-------+---------+---------+-------
      Total |    9347 |    2369 |  20.2 |     233 |      55 |  19.1
            +---------+---------+-------+---------+---------+-------
        D:1 |      46 |       0 |   0.0 |      24 |       0 |   0.0
        D:2 |     142 |      25 |  15.0 |      38 |       6 |  13.6
        D:3 |     131 |     364 |  73.5 |      24 |       3 |  11.1
        D:4 |     269 |     191 |  41.5 |       3 |       1 |  25.0
        D:5 |     577 |      48 |   7.7 |      14 |       1 |   6.7
        D:6 |     750 |       8 |   1.1 |      16 |       4 |  20.0
        D:7 |    1297 |       0 |   0.0 |      19 |       0 |   0.0
        D:8 |    2173 |    1126 |  34.1 |      36 |       9 |  20.0
        D:9 |    1476 |     266 |  15.3 |      28 |       6 |  17.6
       D:10 |    2486 |     228 |   8.4 |      31 |      19 |  38.0
      Sewer |       0 |     113 | 100.0 |       0 |       6 | 100.0
            +---------+---------+-------+---------+---------+-------
